 Dungeon Crawl Stone Soup version 0.20.1-1-g8b1a95d (webtiles) character file.

893 MJtheKandyman the Basher (level 7, -3/85 HPs)
             Began as a Minotaur Berserker on Dec 29, 2017.
             Was a Priest of Trog.
             Slain by a sky beast (6 damage)
             ... on level 5 of the Dungeon.
             The game lasted 00:07:44 (4650 turns).

MJtheKandyman the Basher (Minotaur Berserker)       Turns: 4650, Time: 00:07:44

Health: -3/85      AC:  2    Str: 27    XL:     7   Next: 78%
Magic:  6/6        EV: 12    Int:  4    God:    Trog [***...]
Gold:   47         SH:  0    Dex: 11    Spells: 6/6 levels left

rFire    . . .     SeeInvis .   a - +0 mace
rCold    . . .     Gourm    .   (no shield)
rNeg     . . .     Faith    .   b - +0 animal skin
rPois    .         Spirit   .   (helmet restricted)
rElec    .         Reflect  .   (no cloak)
rCorr    .         Harm     .   (no gloves)
MR       .....                  (no boots)
Stlth    ..........             (no amulet)
Regen    0.3/turn               (no ring)
MPRegen  0.1/turn               (no ring)

@: berserking, starving, very quick
A: retaliatory headbutt, horns 2
a: Berserk, Trog's Hand, Burn Spellbooks, Renounce Religion


You were on level 5 of the Dungeon.
You worshipped Trog.
Trog was most pleased with you.
You were starving.

You visited 1 branch of the dungeon, and saw 5 of its levels.

You collected 167 gold pieces.
You spent 120 gold pieces at shops.

Inventory:

Hand Weapons
 a - a +0 mace (weapon)
 v - a +0 mace
 z - a +0 mace of crushing
 A - a +0 whip of freezing
Armour
 b - a +0 animal skin (worn)
 t - a +0 plate armour
Jewellery
 e - an uncursed amulet of harm {unknown}
 s - an uncursed ring of protection from cold {unknown}
 y - a +4 ring of intelligence {unknown}
Wands
 p - a wand of disintegration (10/24)
 x - a wand of acid (8/15)
Scrolls
 i - a scroll of enchant armour {unknown}
 k - a scroll of enchant weapon {unknown}
 l - 2 scrolls of identify
 o - a scroll of recharging {unknown}
 q - a scroll of noise {unknown}
 r - 3 scrolls of teleportation
 u - 2 scrolls of blinking
Potions
 h - 2 potions of might {unknown}
 m - a potion of brilliance {unknown}
 n - 4 potions of haste
 w - a potion of degeneration {unknown}
 B - a potion of curing {unknown}
 C - a potion of resistance {unknown}
 D - a potion of mutation {unknown}
 E - a potion of heal wounds {unknown}
Books
 F - Vehumet's Papyrus of Confrontation
   (You found it on level 4 of the Dungeon)

   Spells                             Type                      Level
   a - Magic Dart                     Conjuration                  1
   Trog disapproves of the use of such an item.
Comestibles
 c - a bread ration
 d - 5 meat rations
 f - 3 royal jellies


   Skills:
 - Level 3.6 Fighting
 + Level 11.1 Maces & Flails
 - Level 2.4 Armour
 - Level 2.1 Dodging


You had 6 spell levels left.
You didn't know any spells.

Dungeon Overview and Level Annotations

Branches:
Dungeon (5/15)
 Temple: D:4-7

Altars:
Kikubaaqudgha
Makhleb
Sif Muna
Vehumet
Yredelemnul

Shops:
D:4 %


Innate Abilities, Weirdness & Mutations

You reflexively headbutt those who attack you in melee.
You have a pair of horns on your head.


Message History

You feel yourself moving faster!
You feel mighty!
You are near starving!
Something hits you. Something shocks you.
* * * LOW HITPOINT WARNING * * *
You are too injured to fight recklessly!
You closely miss something. Something hits you.
* * * LOW HITPOINT WARNING * * *
Something shocks you.
* * * LOW HITPOINT WARNING * * *
You barely miss something.
You are starving!
You sock something! Your headbutt misses something. Something hits you.
* * * LOW HITPOINT WARNING * * *
Something shocks you.
* * * LOW HITPOINT WARNING * * *
You miss something. You closely miss something. Something hits you.
* * * LOW HITPOINT WARNING * * *
Something shocks you.
You die...

#. #. #. #.
#####(#######
............#####
#.##(..{.).....#
#....@###.##...
#[##.#.# # #.#<#
#.#.# #.#..
#.#### #. #.


There were no monsters in sight!

Vanquished Creatures
  Pikel (D:4)
  A phantom (D:4)
  A centaur (D:5)
  A scorpion (D:5)
  The ghost of hilaritas the Chiller, a weakling DEIE (D:3)
  An orc wizard (D:4)
  A worker ant (D:4)
  3 adders
  An ooze (D:4)
  2 worms (D:2)
  2 dart slugs
  4 leopard geckos
  6 orcs (D:4)
  4 giant cockroaches
  9 goblins
  7 hobgoblins
  2 jackals (D:3)
  11 kobolds
  A quokka (D:4)
  A ball python (D:3)
  7 bats
  8 frilled lizards
  7 rats
82 creatures vanquished.

Vanquished Creatures (others)
  A jelly (D:4)
  A centaur skeleton (D:4)
  2 leopard geckos (D:4)
  A giant cockroach (D:4)
5 creatures vanquished.

Grand Total: 87 creatures vanquished

Notes
Turn   | Place    | Note
-------+----------+-------------------------------------------
     0 | D:1      | MJtheKandyman the Minotaur Berserker began the quest for the Orb.
     0 | D:1      | Reached XP level 1. HP: 19/19 MP: 0/0
    38 | D:1      | Reached skill level 4 in Maces & Flails
    61 | D:1      | Reached XP level 2. HP: 8/26 MP: 1/1
   865 | D:1      | Reached ** piety under Trog
   917 | D:1      | Reached skill level 5 in Maces & Flails
  1161 | D:2      | Reached XP level 3. HP: 29/31 MP: 2/2
  2178 | D:2      | Reached XP level 4. HP: 31/39 MP: 3/3
  2359 | D:3      | Reached skill level 6 in Maces & Flails
  2663 | D:3      | Noticed hilaritas's ghost (weakling DEIE)
  2672 | D:3      | Killed hilaritas's ghost
  3060 | D:3      | Reached *** piety under Trog
  3072 | D:3      | Reached XP level 5. HP: 44/45 MP: 4/4
  3211 | D:4      | Noticed Pikel
  3211 | D:4      | Noticed a slave
  3211 | D:4      | Noticed a slave
  3211 | D:4      | Noticed a slave
  3213 | D:4      | Noticed a slave
  3217 | D:4      | Reached skill level 7 in Maces & Flails
  3224 | D:4      | Killed Pikel
  3224 | D:4      | Reached skill level 10 in Maces & Flails
  3224 | D:4      | Reached XP level 6. HP: 51/51 MP: 5/5
  3224 | D:4      | Reached XP level 7. HP: 57/57 MP: 6/6
  3395 | D:4      | Found Pojodyosuy's Food Shop.
  3403 | D:4      | Bought a meat ration for 60 gold pieces
  3403 | D:4      | Bought a meat ration for 60 gold pieces
  3655 | D:4      | Found a burning altar of Makhleb.
  3657 | D:4      | Found a basalt altar of Yredelemnul.
  3952 | D:4      | Found an ancient bone altar of Kikubaaqudgha.
  4110 | D:4      | Found a deep blue altar of Sif Muna.
  4112 | D:4      | Found a radiant altar of Vehumet.
  4115 | D:4      | Identified Vehumet's Papyrus of Confrontation
  4312 | D:5      | Entered Level 5 of the Dungeon
  4580 | D:5      | Reached skill level 11 in Maces & Flails
  4648 | D:5      | HP: 4/85 [something (6)]
  4650 | D:5      | Slain by a sky beast

Skill      XL: |  1  2  3  4  5  6  7 |
---------------+----------------------+-----
Maces & Flails | 4 5 6 10 11 | 11.1
Fighting       | |  3.6
Armour         | |  2.4
Dodging        | |  2.1

Action                   |  1- 3 |  4- 6 |  7- 9 || total
-------------------------+-------+-------+-------++-------
Melee: Mace              |    88 |    71 |    62 ||   221
       Headbutt          |     9 |     4 |    17 ||    30
Invok: Berserk           |       |     2 |     1 ||     3
  Use: Scroll            |       |       |     5 ||     5
  Eat: Chunk             |     4 |     4 |     4 ||    12
Armor: Animal skin       |     9 |    12 |     3 ||    24
Dodge: Dodged            |    51 |    39 |    25 ||   115
